Map: Éphémèrion EC

Players

defer

  • Race: Protoss Protoss
  • League: Silver
  • Spawn Location: 5:00

IA (très facile) - Winner!

  • Race: Zerg Zerg
  • Spawn Location: 11:00

VOD

Have the link to the VOD?

Description

Time

  • Played on: Jan. 18, 2020, 7:38 a.m.
  • Length: 4:10
Show
View Real Time Build Order
Export as new Build Order

defer Protoss 

Build Orders: Nexus First 

Get SALT Encoding   

  12  0:36  Nexus  
  12  0:40  Probe  
  13  0:52  Probe  
  13  0:53  Pylon  
  14  1:04  Probe (Chrono Boost)  
  15  1:16  Probe (Chrono Boost)  
  16  1:23  Probe (Chrono Boost)  
  17  1:30  Probe (Chrono Boost)  
  18  1:34  Gateway  
  18  1:42  Probe (Chrono Boost)  
  19  1:50  Probe x2 (Chrono Boost)  
  21  1:57  Pylon, Probe (Chrono Boost)  
  21  1:59  Probe (Chrono Boost)  
  23  2:04  Probe (Chrono Boost)  
  23  2:05  Assimilator  
  23  2:08  Assimilator  
  24  2:09  Probe (Chrono Boost)  
  26  2:18  Probe (Chrono Boost)  
  26  2:19  Probe (Chrono Boost)  
  26  2:21  Cybernetics Core  
  27  2:23  Probe (Chrono Boost)  
  27  2:26  Probe  
  29  2:35  Probe  
  30  2:38  Probe  
  30  2:39  Pylon  
  31  2:50  Probe (Chrono Boost)  
  33  2:51  Probe (Chrono Boost)  
  33  2:59  Pylon  
  33  3:01  Probe (Chrono Boost)  
  33  3:03  Probe (Chrono Boost)  
  35  3:08  Probe (Chrono Boost)  
  35  3:12  Probe (Chrono Boost)  
  39  3:20  Probe (Chrono Boost)  
  39  3:21  Pylon, Probe (Chrono Boost)  
  39  3:26  Probe  
  39  3:29  Probe  
  41  3:38  Probe  
  41  3:41  Probe  
  43  3:53  Probe x2 (Chrono Boost)  
Show
View Real Time Build Order
Export as new Build Order

IA (très facile) Zerg - Winner!

Build Orders: Pool Only 

Get SALT Encoding   

  12  0:01  Drone  
  13  0:12  Overlord  
  13  0:16  Drone  
  14  0:36  Spawning Pool  
  14  0:37  Extractor  
  14  0:40  Drone  
  13  0:47  Drone  
  14  0:53  Overlord  
  14  1:23  Zergling x2  
  14  1:24  Queen  
  17  1:33  Roach Warren  
  17  1:36  Drone  
  17  1:40  Extractor  
  17  1:45  Drone  
  17  1:51  Zergling x2  
  18  2:04  Drone  
  19  2:11  Drone  
  20  2:19  Zergling x2, Drone  
  22  2:30  Overlord  
  22  2:33  Drone  
  23  2:41  Drone  
  24  2:47  Roach  
  24  2:48  Drone  
Tags
 
Add a new tag
Caveats
  • Supply blocks, unpowered buildings, or Contaminate may cause inaccurate times.
  • Supply counts are checked every 10 seconds.